Map: Ruines de Seras

Players

IMbAMedo

  • Race: Protoss Protoss
  • League: Platinum

viag - Winner!

  • Race: Terran Terran
  • League: Platinum

VOD

Have the link to the VOD?

Description

Time

  • Played on: Nov. 24, 2015, 2:57 p.m.
  • Length: 11:59
Show
View Real Time Build Order
Export as new Build Order

IMbAMedo Protoss 

Build Orders:  

Get SALT Encoding   

  12  0:01  Probe (Chrono Boost)  
  13  0:11  Probe (Chrono Boost)  
  14  0:18  Pylon  
  14  0:23  Probe (Chrono Boost)  
  15  0:36  Probe (Chrono Boost)  
  15  0:40  Gateway  
  16  0:47  Probe (Chrono Boost)  
  17  0:52  Assimilator  
  17  0:57  Probe (Chrono Boost)  
  18  1:05  Assimilator  
  18  1:08  Probe (Chrono Boost)  
  20  1:18  Probe (Chrono Boost)  
  20  1:21  Pylon  
  20  1:29  Probe (Chrono Boost)  
  20  1:30  Cybernetics Core  
  21  1:43  Probe (Chrono Boost)  
  23  1:54  Probe (Chrono Boost)  
  23  2:10  Nexus  
  23  2:17  Nexus  
  23  2:24  Mothership Core (Chrono Boost)  
  23  2:28  Warp Gate  
  25  2:41  Stalker  
  27  2:50  Probe (Chrono Boost)  
  27  2:58  Robotics Facility  
  27  3:01  Probe (Chrono Boost)  
  28  3:12  Probe (Chrono Boost)  
  29  3:14  Stalker  
  31  3:27  Gateway  
  31  3:29  Probe (Chrono Boost)  
  31  3:31  Probe (Chrono Boost)  
  33  3:37  Gateway  
  33  3:40  Probe (Chrono Boost)  
  34  3:42  Probe (Chrono Boost)  
  35  3:51  Probe (Chrono Boost)  
  35  3:54  Observer (Chrono Boost)  
  37  3:59  Probe  
  38  4:03  Probe  
  38  4:08  Gateway  
  39  4:13  Probe, Pylon  
  39  4:15  Probe  
  41  4:22  Robotics Bay  
  41  4:27  Probe  
  42  4:34  Probe  
  43  4:39  Sentry x3, Probe  
  50  4:46  Immortal (Chrono Boost)  
  54  5:01  Pylon  
  54  5:09  Forge  
  54  5:14  Assimilator  
  54  5:16  Forge  
  54  5:17  Probe  
  54  5:19  Probe, Assimilator  
  54  5:20  Observer (Chrono Boost)  
  57  5:24  Stalker x2  
  57  5:28  Probe  
  61  5:34  Pylon  
  62  5:35  Pylon  
  62  5:51  Probe  
  62  5:52  Probe  
  64  5:58  Disruptor (Chrono Boost)  
  64  6:01  Probe  
  68  6:04  Probe  
  68  6:05  Nexus  
  69  6:12  Probe  
  69  6:13  Sentry  
  69  6:14  Stalker  
  69  6:16  Probe  
  75  6:22  Probe  
  75  6:23  Protoss Ground Weapons Level 1 (Chrono Boost)  
  75  6:35  Stalker  
  75  6:58  Stalker  
  77  7:04  Pylon  
  77  7:06  Pylon  
  77  7:13  Nexus  
  77  7:15  Pylon  
  77  7:16  Pylon  
  77  7:17  Twilight Council, Protoss Ground Armor Level 1 (Chrono Boost)  
  77  7:19  Probe  
  77  7:20  Gateway x2, Probe  
  77  7:22  Gateway  
  79  7:30  Stalker x2  
  83  7:38  Stalker  
  83  7:39  Sentry  
  78  7:47  Observer (Chrono Boost)  
  79  7:52  Pylon  
  65  8:14  Stalker  
  65  8:15  Stalker x3  
  70  8:42  Zealot x3  
  60  9:01  Probe  
  19  9:38  Stalker  
  19  9:43  Zealot  
  15  9:49  Observer (Chrono Boost)  
  14  10:15  Mothership Core  
  11  11:28  Probe  
Show
View Real Time Build Order
Export as new Build Order

viag Terran - Winner!

Build Orders: Reaper Expand, MMM Bio 

Get SALT Encoding   

  12  0:01  SCV  
  13  0:13  SCV  
  14  0:18  Supply Depot  
  14  0:25  SCV  
  15  0:39  SCV  
  15  0:42  Barracks  
  16  0:50  Refinery  
  16  0:51  SCV  
  17  1:03  SCV  
  19  1:18  SCV  
  19  1:30  Orbital Command  
  19  1:33  Reaper  
  19  1:49  Command Center  
  19  1:56  SCV  
  20  2:03  Supply Depot  
  20  2:09  SCV  
  20  2:11  Barracks Reactor  
  21  2:21  SCV  
  22  2:34  SCV  
  23  2:42  Barracks  
  23  2:43  Factory, Barracks  
  23  2:50  SCV  
  24  2:51  Bunker  
  24  2:52  Marine  
  24  2:54  Marine  
  26  3:03  SCV  
  27  3:10  Marine  
  27  3:12  Orbital Command, Marine  
  28  3:17  SCV  
  29  3:29  SCV, Factory Reactor, Starport  
  29  3:33  Barracks Tech Lab, Marine  
  31  3:35  Marine  
  31  3:39  SCV  
  34  3:42  Barracks Tech Lab  
  34  3:43  SCV  
  34  3:51  SCV  
  36  3:55  SCV  
  36  3:56  Refinery x2, Marine  
  36  3:57  Marine  
  36  3:59  Marine  
  39  4:03  SCV  
  39  4:07  SCV  
  41  4:17  Stimpack  
  41  4:18  Marine x3  
  41  4:20  SCV  
  46  4:27  SCV  
  46  4:33  Supply Depot  
  46  4:38  Supply Depot  
  46  4:51  Starport Reactor  
  46  4:54  Combat Shields, Marauder x2, SCV x2, Widow Mine  
  46  4:55  Supply Depot  
  46  4:59  Marine x2  
  56  5:02  Refinery  
  56  5:06  SCV x2  
  58  5:13  Engineering Bay  
  58  5:14  Engineering Bay  
  58  5:15  Marine  
  58  5:16  Marauder  
  58  5:18  SCV x2  
  58  5:19  Marine x2  
  65  5:30  SCV x2  
  65  5:33  Marine, Factory Reactor, Medivac  
  70  5:39  Supply Depot  
  70  5:40  Supply Depot  
  70  5:43  Terran Infantry Weapons Level 1  
  70  5:46  Terran Infantry Armor Level 1  
  70  5:48  SCV, Medivac, Marine x2  
  75  5:51  Marauder, Marine  
  78  6:03  Medivac  
  80  6:11  Widow Mine  
  80  6:13  Widow Mine  
  80  6:16  Command Center  
  86  6:18  Marauder  
  89  6:42  SCV x2  
  89  6:46  Medivac  
  89  6:47  Widow Mine, Medivac  
  70  6:48  Barracks, Widow Mine  
  70  6:49  Barracks  
  70  6:54  SCV, Marauder  
  70  6:55  Marauder  
  70  6:56  Marine  
  70  6:58  SCV  
  77  7:07  SCV  
  78  7:10  SCV  
  79  7:16  Widow Mine  
  79  7:17  Marauder x2, Marine x2  
  88  7:30  SCV  
  88  7:32  Barracks  
  88  7:35  Marine  
  88  7:36  Supply Depot  
  89  7:38  Marauder x2  
  93  7:46  Barracks Tech Lab  
  93  7:48  Barracks Tech Lab, Orbital Command  
  93  7:49  Widow Mine  
  95  7:54  Armory  
  95  7:55  Armory  
  95  8:00  Marauder x2, Marine  
  89  8:08  Marauder, Marine  
  89  8:09  Marauder  
  89  8:17  Marine  
  87  8:21  Marauder x2  
  89  8:28  Marine, Orbital Command  
  89  8:29  Marine  
  89  8:30  Marauder  
  87  8:43  Marauder x2  
  87  8:45  Widow Mine  
  92  8:52  Marauder  
  89  8:57  Marine  
  31  9:52  Barracks Reactor, Widow Mine x2  
  35  9:54  Marine  
  35  10:00  SCV x3  
  38  10:09  Marine  
  38  10:12  SCV  
  40  10:18  SCV x2  
  44  10:21  Marauder  
  44  10:27  Marauder  
  43  10:28  Medivac x2  
  43  10:30  SCV x2  
  49  10:42  SCV  
  47  10:43  Orbital Command  
  47  10:44  Marine x2  
  47  10:45  Marauder  
  47  10:48  Marauder  
  53  11:02  Marine x2  
  55  11:05  Missile Turret  
  55  11:06  Marauder  
  57  11:14  Marauder  
  57  11:20  Missile Turret  
  56  11:39  Marine x2  
Tags
 
Add a new tag
Caveats
  • Supply blocks, unpowered buildings, or Contaminate may cause inaccurate times.
  • Supply counts are checked every 10 seconds.